 Seeded DCSS version 0.29-a0-553-g81b289dbe5 (webtiles) character file.

Game seed: 20220606 (custom seed)

378 nrs142 the Poker (level 6, -3/56 HPs)
             Began as a Minotaur Monk on June 6, 2022.
             Was a High Priest of Ignis.
             Killed by nerve-wracking pain
             ... invoked by an orc priest
              (12 damage)
             ... on level 5 of the Dungeon.
             The game lasted 00:07:27 (3674 turns).

nrs142 the Poker (Minotaur Monk)                    Turns: 3674, Time: 00:07:28

Health: -3/56      AC: 10    Str: 18    XL:     6   Next: 45%
Magic:  5/5        EV: 13    Int:  7    God:    Ignis [*****.]
Gold:   230        SH:  0    Dex: 12    Spells: 5/5 levels left

rFire   + . .      SeeInvis .   a - +0 spear
rCold   . . .      Faith    .   (no shield)
rNeg    . . .      Spirit   .   b - +0 robe
rPois   .          Reflect  .   (helmet restricted)
rElec   .          Harm     .   q - scarf {+Inv}
rCorr   .          Rampage  .   k - +0 pair of gloves
Will    .....                   (no boots)
Stlth   +.........              (no amulet)
HPRegen 0.18/turn               (no ring)
MPRegen 0.09/turn               (no ring)

@: fiery-armoured, very slow
A: horns 2, retaliatory headbutt
a: Renounce Religion, Evoke Invisibility, Fiery Armour, Foxfire Swarm, Rising
Flame


You were on level 5 of the Dungeon.
You worshipped Ignis.
Ignis was extremely pleased with you.
You visited 1 branch of the dungeon, and saw 5 of its levels.

You collected 230 gold pieces.

Inventory:

Hand Weapons
 a - a +0 spear (weapon)
Armour
 b - a +0 robe (worn)
 k - a +0 pair of gloves (worn)
 l - a +0 chain mail
 q - a scarf of invisibility (worn)
Jewellery
 p - an amulet of magic regeneration
Wands
 y - a wand of paralysis (5)
Scrolls
 d - a scroll of noise {unknown}
 e - 8 scrolls of identify {unknown}
 f - a scroll of silence {unknown}
 j - 2 scrolls of fear {unknown}
 m - 4 scrolls of teleportation {unknown}
 n - a scroll of poison {unknown}
 o - a scroll of enchant weapon {unknown}
 u - a scroll of immolation {unknown}
Potions
 c - a potion of ambrosia
 g - a potion of lignification {unknown}
 h - a potion of might {unknown}
 i - 2 potions of brilliance {unknown}
 r - 4 potions of heal wounds {unknown}
 s - a potion of berserk rage {unknown}
 t - 2 potions of curing {unknown}
 v - a potion of invisibility {unknown}
 w - a potion of cancellation {unknown}
 x - a potion of mutation {unknown}
 z - a potion of flight {unknown}


   Skills:
 + Level 5.1 Fighting
 * Level 2.7(4.3) Axes
 + Level 5.2(5.5) Polearms
 + Level 4.7 Dodging
 + Level 3.1 Stealth


You had 5 spell levels left.
You didn't know any spells.
Your spell library contained the following spells:

 Spells                   Type           Power      Damage    Failure   Level
 Slow                     Hex            0%         N/A       43%         1
 Ensorcelled Hibernation  Hex/Ice        0%         N/A       56%         2
 Passwall                 Tmut/Erth      0%         N/A       56%         2
 Confusing Touch          Hex            0%         N/A       80%         3
 Swiftness                Air            0%         N/A       80%         3
 Vampiric Draining        Necr           0%         2d6       80%         3
 Yara's Violent Unravell  Hex/Tmut       0%         3d3       100%        5
 Enfeeble                 Hex            0%         N/A       100%        7


Dungeon Overview and Level Annotations

Branches:
Dungeon (5/15)             Temple (0/1) D:4

Altars:
Ashenzari
Beogh
Ignis

Shops:
D:3 (

Annotations:
D:5 1 transporter


Innate Abilities, Weirdness & Mutations

You have a pair of horns on your head.
You reflexively headbutt those who attack you in melee.


Message History

The shadow imp gestures at you. Pain shoots through your body!
You reach to attack!
You closely miss the shadow imp.
The shadow imp is almost dead.
The shadow imp gestures at you. Pain shoots through your body!
You are too injured to fight recklessly!
You are too injured to fight recklessly!
You are too injured to fight recklessly!
You are too injured to fight recklessly!
You are too injured to fight recklessly!
The shadow imp laughs crazily.
The shadow imp grins evilly.
Why would you want to do that?
You hit the plant.
The plant begins to die.
You headbutt the plant!
The plant is lightly damaged.
You hit the plant.
The plant is lightly damaged.
You hit the plant.
The plant is lightly damaged.
You puncture the plant! You headbutt the plant.
The plant is lightly damaged.
You puncture the plant!
The plant is lightly damaged.
A nearby plant withers and dies.
The orc priest invokes the aid of Beogh against you.
Pain shoots through your body!
You enter the shallow water.
Moving in this stuff is going to be slow.
The shadow imp shouts, "Give up, thou ducking two-tin-hat fleecer!"
The shadow imp grins evilly.
The shadow imp gestures at you. Pain shoots through your body!
The orc priest invokes the aid of Beogh against you.
Pain shoots through your body!
* * * LOW HITPOINT WARNING * * *
The shadow imp grinds its teeth.
The orc priest invokes the aid of Beogh against you.
Pain shoots through your body!
You die...

#.#########.##...#######
#.#8P.©.P8#.##....)..#..
#.#P.....P#.###...##.##.
#.####'####.# #.........
#.#.≈...≈5#.# #.........
#.#.≈...≈.#.# #..#..####
#.#5≈P≈≈≈5#.# ..>....
#.#5≈≈♣≈≈o#.#.####.#.#
#.#.≈≈≈@≈.#.#. .#..
#.#.≈...≈.#.#
#.#.≈...≈.#.#
#.####+####.#
#.#≈..=..≈#.#
#.#8P$©$P8#.#
#.#########..
#.....©......#


You could see an orc priest and 4 shadow imps.

Vanquished Creatures
  An ogre (D:5)
  A bullfrog (D:4)
  A howler monkey (D:3)
  An orc wizard (D:4)
  Robin (D:3)
  9 adders
  3 worms
  2 dart slugs (D:2)
  3 orcs (D:4)
  5 endoplasms
  2 giant cockroaches
  17 goblins
  6 hobgoblins
  A quokka (D:2)
  4 ball pythons
  3 bats
  A frilled lizard (D:1)
  5 kobolds
  6 rats
72 creatures vanquished.

Vanquished Creatures (others)
  A plant (D:5)
1 creature vanquished.

Grand Total: 73 creatures vanquished

Notes
Turn   | Place    | Note
-------+----------+-------------------------------------------
     0 | D:1      | nrs142 the Minotaur Monk began the quest for the Orb.
     0 | D:1      | Reached XP level 1. HP: 19/19 MP: 0/0
   408 | D:1      | Reached XP level 2. HP: 27/27 MP: 1/1
   448 | D:1      | Found a faded altar of an unknown god.
   490 | D:1      | Prayed at the altar of an unknown god.
   490 | D:1      | Became a worshipper of Ignis, the Dying Flame
   490 | D:1      | Reached ****** piety under Ignis
  1092 | D:2      | Reached XP level 3. HP: 32/33 MP: 2/2
  1692 | D:3      | Reached XP level 4. HP: 38/40 MP: 3/3
  1904 | D:3      | Reached XP level 5. HP: 47/47 MP: 4/4
  2026 | D:3      | Found Watic Nimeh's Weapon Shoppe.
  2038 | D:3      | Noticed Robin
  2059 | D:3      | Killed Robin
  2948 | D:4      | Found a staircase to the Ecumenical Temple.
  3030 | D:4      | Reached skill level 1 in Axes
  3392 | D:4      | Found a broken altar of Ashenzari.
  3549 | D:4      | Reached skill level 5 in Fighting
  3549 | D:4      | Reached skill level 5 in Polearms
  3549 | D:4      | Reached XP level 6. HP: 56/56 MP: 5/5
  3580 | D:5      | Entered Level 5 of the Dungeon
  3621 | D:5      | Found a transporter.
  3638 | D:5      | Found a transporter.
  3674 | D:5      | Killed from afar by an orc priest

Illustrated notes

Levels and vault maps discovered:
D:1:      dpeg_arrival_lava_temple_mockup, layout_loops_ring,
          hellmonk_ecumenical_altar_defaced_shrine
D:2:      minmay_general_purpose_star, layout_rooms
D:3:      layout_rooms, serial_rivers, chequers_serial_rivers_micro_c,
          chequers_serial_rivers_small_b, chequers_serial_rivers_large_a,
          chequers_serial_rivers_small_b, chequers_serial_rivers_room_b,
          chequers_serial_rivers_micro_a, serial_shops, shop, uniq_robin
D:4:      layout_gridville, lemuel_doored_altar, minmay_temple_entry_ruins
D:5:      gammafunk_wand_slinger, layout_basic, nicolae_uskayaw_en_pointe,
          uniq_blork_the_orc

Skill      XL: |  1  2  3  4  5 |
---------------+----------------+-----
Stealth        | 2 3 |  3.1
Fighting       | 4 5 |  5.1
Polearms       | 4 5 |  5.2
Dodging        | 4 |  4.7
Axes           | 2 |  2.7

Action                   |  1- 3 |  4- 6 || total
-------------------------+-------+-------++-------
Melee: Spear             |    94 |   116 ||   210
       Headbutt          |    14 |    21 ||    35
       Punch             |       |     1 ||     1
Invok: Fiery Armour      |       |     1 ||     1
 Stab: Sleeping          |     6 |     3 ||     9
       Distracted        |       |     1 ||     1
Armor: Robe              |     7 |    16 ||    23
Dodge: Dodged            |    39 |    52 ||    91

Table legend: (Time is in decaauts)
 A = Elapsed time spent in this place.
 B = Non-inter-level travel time spent in this place.
 C = Inter-level travel time spent in this place.
 D = Time resting spent in this place.
 E = Time spent auto-exploring this place.
 F = Levels seen in this place.
 G = Mean time per level.
                   A        B        C        D        E       F      G
               +--------+--------+--------+--------+--------+-----+--------+
         Total |   3668 |   3359 |    309 |      0 |   2793 |   5 |  733.6 |
       Dungeon |   3668 |   3359 |    309 |      0 |   2793 |   5 |  733.6 |
               +--------+--------+--------+--------+--------+-----+--------+

Top non-repeatable levels by time:
     D:3: 1147 daAuts
     D:1: 1030 daAuts
     D:4: 842 daAuts
     D:2: 556 daAuts
     D:5: 91 daAuts
